 Dungeon Crawl Stone Soup version 0.19-a0-1401-g902f63d (webtiles) character file.

53 4thArraOfDagon the Ruffian (level 3, 0/31 HPs)
             Began as a Troll Ice Elementalist on Sept 4, 2016.
             Slain by a sky beast (3 damage)
             ... on level 8 of the Dungeon.
             The game lasted 00:03:09 (598 turns).

4thArraOfDagon the Ruffian (Troll Ice Elementalist)  Turns: 598, Time: 00:03:09

Health: 0/31       AC:  6    Str: 16    XL:     3   Next: 64%
Magic:  3/3        EV: 10    Int: 12    God:
Gold:   70         SH:  0    Dex: 10    Spells: 0 memorised, 4 levels left

rFire  . . .     SeeInvis +       - Unarmed
rCold  . . .     Gourm    +     a - +1 robe
rNeg   . . .     Faith    .     (no shield)
rPois  .         Spirit   .     (helmet restricted)
rElec  .         Dismiss  .     (no cloak)
rCorr  .         Reflect  .     (gloves unavailable)
MR     .....     Harm     .     (boots unavailable)
Stlth  +.........               (no amulet)
                                (no ring)
                                f - ring of see invisible

@: no status effects
A: unfitting armour, claws 3, fast metabolism 3, gourmand, regeneration 1,
shaggy fur 1, tough skin 2
a: no special abilities


You were on level 8 of the Dungeon.
You were not hungry.

You visited 1 branch of the dungeon, and saw 8 of its levels.

You collected 70 gold pieces.

Inventory:

Armour
 a - a +1 robe (worn)
Jewellery
 f - a ring of see invisible (left claw)
Wands
 d - a wand of digging (8/24)
 i - a wand of flame (8/48)
Potions
 e - a potion of cure mutation {unknown}
 g - a potion of berserk rage {unknown}
 k - a potion of curing {unknown}
Books
 b - a book of Frost

   Spells                             Type                      Level
   a - Freeze                         Ice                          1
   b - Throw Frost                    Conjuration/Ice              2
   c - Ozocubu's Armour               Charms/Ice                   3
   d - Throw Icicle                   Conjuration/Ice              4
   e - Summon Ice Beast               Ice/Summoning                4
Comestibles
 c - 2 bread rations


   Skills:
 - Level 1.5 Dodging
 - Level 1.1 Stealth
 * Level 3.3 Unarmed Combat
 - Level 1.2 Spellcasting
   Level 0.6 Conjurations
   Level 2.1 Ice Magic


You had 4 spell levels left.
You didn't know any spells.

Dungeon Overview and Level Annotations

Branches:
Dungeon (8/15)
 Temple: D:4-7         Lair: D:8-11

Altars:


Innate Abilities, Weirdness & Mutations

You are too large for most types of armour.
You have claws for hands.
Your metabolism is lightning-fast.
You like to eat raw meat.
Your natural rate of healing is unusually fast.
You are covered in fur. (AC +1)
You have very tough skin. (AC +2)


Message History

Unknown command.
Evoke which item? (* to show all) (? for menu, Esc to quit)
Zapping:
i - a wand of flame {zapped: 8} (will waste charges)
Press: ? - help, Shift-Dir - straight line, f/p - sky beast
Aim: a sky beast (rain, almost dead)
The puff of flame misses the sky beast.
Evoking this partially-identified wand wasted a few charges.
The sky beast completely misses you.
Unknown command.
Unknown command.
Unknown command.
Unknown command.
Evoke which item? (* to show all) (? for menu, Esc to quit)
Zapping:
i - a wand of flame {zapped: 10} (will waste charges)
Press: ? - help, Shift-Dir - straight line, f/p - sky beast
Aim: a sky beast (almost dead)
The puff of flame misses the sky beast.
Evoking this partially-identified wand wasted a few charges.
The sky beast hits you.
You die...

... #.. #.#
#[# # #.#
#.## #.#
....#
##+#.##.....#
#..§Y@......#
#..........##
#.......####
#.....$..#
#........#
#..........
......#.....
######.......


You could see a sky beast.

Vanquished Creatures
  2 adders
  2 dart slugs
  3 orcs (D:4)
  A giant cockroach (D:2)
  4 goblins
  2 hobgoblins
  4 jackals (D:1)
  3 kobolds
  A ball python (D:3)
  2 bats
  4 rats
28 creatures vanquished.

Notes
Turn   | Place    | Note
-------+----------+-------------------------------------------
     0 | D:1      | 4thArraOfDagon the Troll Ice Elementalist began the quest for the Orb.
     0 | D:1      | Reached XP level 1. HP: 16/16 MP: 1/1
    44 | D:1      | Reached skill level 1 in Unarmed Combat
    81 | D:1      | Reached XP level 2. HP: 24/24 MP: 2/2
   153 | D:2      | Reached skill level 2 in Unarmed Combat
   238 | D:3      | Reached XP level 3. HP: 31/31 MP: 3/3
   277 | D:3      | Reached skill level 3 in Unarmed Combat
   414 | D:5      | Entered Level 5 of the Dungeon
   415 | D:5      | 4thArraOfDagon: nice name haha
   519 | D:6      | Noticed an orc warrior
   584 | D:8      | Noticed a sky beast
   593 | D:8      | HP: 1/31 [sky beast (5)]
   594 | D:8      | Geppetto: are you seriously playing IE or just pretending?
   598 | D:8      | Slain by a sky beast

Vault maps used:
D:1:      dpeg_arrival_rooms_c, minmay_pentomino_p4
D:2:      kennysheep_goblin_castle, nicolae_dithmenos_shadow_blocks,
          minmay_misc_feat_secret_circle, yredelemnul_altar_generic, uniq_robin
D:3:      wad_crossroads, st_stairs_14
D:4:      bloody_makhleb, old_standard_altar
D:5:      lemuel_crystal_altar, kennysheep_mini, nicolae_overflow_hidden_temple,
          enter_ossuary_4, first_bread, uniq_sigmund
D:6:      serial_shops, nicolae_shop_trees, basic_altar
D:7:      lemuel_round_altar, serial_shops, shop
D:8:      kiku_gazebo_garden_becter, blue_anna_alchemist, uniq_pikel

Skill      XL: |  1  2  3 |
---------------+----------+-----
Unarmed Combat | 1 2 3 |  3.3
Dodging        | |  1.5
Stealth        | |  1.1
Spellcasting   | |  1.2
Conjurations   | |  0.6
Ice Magic      | |  2.1

Action                   || total
-------------------------++-------
Melee: Unarmed           ||    86
Evoke: Wand              ||     5
  Use: Scroll            ||     4
 Stab: Sleeping          ||     1
  Eat: Beef jerky        ||     1
       Chunk             ||     1
Armor: Robe              ||    28
Dodge: Dodged            ||    49
